 Dungeon Crawl Stone Soup version 0.21-a0-348-ga060c75 (webtiles) character file.

65 zero the Chopper (level 3, 0/33 HPs)
             Began as a Minotaur Berserker on Oct 6, 2017.
             Was a Believer of Trog.
             Slain by a frilled lizard (3 damage)
             ... on level 2 of the Dungeon.
             The game lasted 00:00:47 (739 turns).

zero the Chopper (Minotaur Berserker)                Turns: 739, Time: 00:00:48

Health: 0/33       AC:  2    Str: 22    XL:     3   Next: 92%
Magic:  2/2        EV: 12    Int:  4    God:    Trog [**....]
Gold:   74         SH:  0    Dex:  9    Spells: 2/2 levels left

rFire    . . .     SeeInvis .   a - +0 hand axe
rCold    . . .     Gourm    .   (no shield)
rNeg     . . .     Faith    .   b - +0 animal skin
rPois    .         Spirit   .   (helmet restricted)
rElec    .         Reflect  .   (no cloak)
rCorr    .         Harm     .   (no gloves)
MR       .....                  (no boots)
Stlth    +.........             (no amulet)
HPRegen  0.11/turn              (no ring)
MPRegen  0.08/turn              (no ring)

@: berserk cooldown, slowed, very slow
A: retaliatory headbutt, horns 2
a: Berserk, Trog's Hand, Burn Spellbooks, Renounce Religion


You were on level 2 of the Dungeon.
You worshipped Trog.
Trog was pleased with you.
You were not hungry.

You visited 1 branch of the dungeon, and saw 2 of its levels.

You collected 74 gold pieces.

Inventory:

Hand Weapons
 a - a +0 hand axe (weapon)
Armour
 b - a +0 animal skin (worn)
Scrolls
 f - a scroll of recharging {unknown}
 g - a scroll of blinking {unknown}
 h - a scroll of teleportation {unknown}
 j - a scroll of identify {unknown}
Potions
 e - a potion of invisibility {unknown}
 k - a potion of resistance {unknown}
 l - a potion of curing {unknown}
Comestibles
 c - 2 bread rations
 d - 7 chunks of flesh
 i - a meat ration


   Skills:
 + Level 4.2 Fighting
 * Level 4.9 Axes
 + Level 3.3 Armour
 - Level 2.1 Dodging


You had 2 spell levels left.
You didn't know any spells.

Dungeon Overview and Level Annotations

Branches:
Dungeon (2/15)

Altars:


Innate Abilities, Weirdness & Mutations

You reflexively headbutt those who attack you in melee.
You have a pair of horns on your head.


Message History

The frilled lizard hisses.
You closely miss the goblin. The goblin barely misses you.
You furiously retaliate!
You headbutt the goblin.
You kill the goblin!
Trog accepts your kill.
You closely miss the frilled lizard.
Your headbutt misses the frilled lizard.
The frilled lizard bites you.
* * * LOW HITPOINT WARNING * * *
The frilled lizard closely misses you.
You closely miss the frilled lizard. The frilled lizard bites you.
* * * LOW HITPOINT WARNING * * *
You hit the frilled lizard but do no damage.
Your headbutt misses the frilled lizard.
The frilled lizard bites you.
* * * LOW HITPOINT WARNING * * *
The frilled lizard bites you.
* * * LOW HITPOINT WARNING * * *
You barely miss the frilled lizard. The frilled lizard bites you.
You die...

#.#.#.#.#... ..
#.#.#.#..... ...
#.......#... #...
#...#.#.##.###<...
#...#.#.##..#.#.#
#...#.#.##.......
#...#.#.##...##...
#......@l)).......
#.<###.%###.......
#...# #[.# ...#...
#.... #.... #....
. #.###.##.##.
..#... #. .##.#
.... #. #. #...
.... # .## (.## .


You could see a frilled lizard.

Vanquished Creatures
  3 gnolls (D:2)
  4 dart slugs (D:1)
  2 leopard geckos
  2 giant cockroaches (D:1)
  2 goblins
  4 hobgoblins (D:1)
  3 kobolds (D:1)
  3 bats
  4 frilled lizards (D:1)
  A rat (D:1)
28 creatures vanquished.

Notes
Turn   | Place    | Note
-------+----------+-------------------------------------------
     0 | D:1      | zero the Minotaur Berserker began the quest for the Orb.
     0 | D:1      | Reached XP level 1. HP: 19/19 MP: 0/0
   101 | D:1      | Reached XP level 2. HP: 23/27 MP: 1/1
   619 | D:1      | Reached XP level 3. HP: 29/33 MP: 2/2
   704 | D:2      | Reached ** piety under Trog
   739 | D:2      | Slain by a frilled lizard

Vault maps used:
D:1:      lightli_arrival_maybe_door_vault
D:2:      cheibrodos_greedy_goblins, grunt_temple_overflow_open,
          amethyst_killhole, st_stairs_12

Skill      XL: |  1  2 |
---------------+-------+-----
Axes           | 4 |  4.9
Fighting       | 4 |  4.2
Armour         | 3 |  3.3
Dodging        | |  2.1

Action                   || total
-------------------------++-------
Melee: Hand axe          ||    39
       Headbutt          ||     5
Invok: Berserk           ||     1
Armor: Animal skin       ||     4
Dodge: Dodged            ||    25

Table legend:
 A = Spawn XP
 B = Non-spawn XP
 C = Spawn XP percentage of total XP
 D = Spawn monster count
 E = Non-spawn monster count
 F = Spawn count percentage of total count
 G = Total turns spent on level
                    A         B        C        D         E        F      G
               +---------+---------+-------+---------+---------+-------+---------
         Total |       0 |      93 |   0.0 |       0 |      28 |   0.0 |   739
               +---------+---------+-------+---------+---------+-------+---------
           D:1 |       0 |      45 |   0.0 |       0 |      22 |   0.0 |   687
           D:2 |       0 |      48 |   0.0 |       0 |       6 |   0.0 |    52
               +---------+---------+-------+---------+---------+-------+---------
